 Dungeon Crawl Stone Soup version 0.30-a0-272-gf98c3da03f (webtiles) character file.

Game seed: 8114866617639067798

183 qw the Chopper (level 5, -2/32 HPs)
             Began as a Gargoyle Fighter on Oct 15, 2022.
             Slain by Menkaure (12 damage)
             ... on level 5 of the Dungeon.
             The game lasted 00:00:52 (2442 turns).

qw the Chopper (Gargoyle Fighter)                   Turns: 2442, Time: 00:00:53

Health: -2/32      AC: 14    Str: 21    XL:     5   Next: 62%
Magic:  5/5        EV:  7    Int:  9    God:
Gold:   237        SH:  9    Dex:  9    Spells: 4/4 levels left

rFire   . . .      SeeInvis .    Y - +1 war axe
rCold   . . .      Faith    .    c - +0 buckler
rNeg    + . .      Spirit   .    m - +0 chain mail
rPois   inf        Reflect  +    (no helmet)
rElec   +          Harm     .    (no cloak)
rCorr   .          Rampage  .    (no gloves)
Will    .....                    o - +0 pair of boots
Stlth   ..........               b - amulet of reflection
HPRegen 0.25/turn                (no ring)
MPRegen 0.09/turn                (no ring)

@: no status effects
A: sickness immunity, AC +4, negative energy resistance 1, electricity
resistance, torment resistance 1, petrification resistance
a: no special abilities


You were on level 5 of the Dungeon.
You visited 1 branch of the dungeon, and saw 5 of its levels.

You collected 237 gold pieces.


Innate Abilities, Weirdness & Mutations

You are immune to sickness and miasma.
Your stone body is resilient. (AC +4)
You are immune to poison.
You resist negative energy. (rN+)
You are resistant to electric shocks. (rElec)
You are resistant to unholy torment.
You are immune to petrification.


   Skills:
 + Level 3.2 Fighting
 - Level 5.1 Axes
 - Level 3.2 Armour
 - Level 3.2 Shields


You had 4 spell levels left.
You didn't know any spells.
Your spell library was empty.

Inventory:

Hand Weapons
 u - a +1 hand axe of flaming
 Y - a +1 war axe (weapon)
Missiles
 i - a boomerang (quivered)
Armour
 c - a +0 buckler (worn)
 m - a +0 chain mail (worn)
 o - a +0 pair of boots (worn)
Jewellery
 b - an amulet of reflection (around neck)
Scrolls
 a - a scroll of identify
 p - a scroll of teleportation
Potions
 d - 3 potions of might
 f - a potion of lignification
 g - a potion of mutation
 j - a potion of haste
 k - 3 potions of curing
 l - a potion of cancellation {unknown}
 n - 2 potions of heal wounds
 q - a potion of degeneration {unknown}

Dungeon Overview and Level Annotations

Branches:
Dungeon (5/15)
 Temple: D:4-7

Altars:
Gozag
The Shining One

Annotations:
D:5 Menkaure


Message History

(D) Dungeon
Where to? (* - list waypoints, Enter - D:4, ? - help)
What level of the Dungeon? (default 1, ? - help)
There is a stone staircase leading down here.
You climb downwards.
There is a stone staircase leading up here.
Existing waypoints: (1) D:4 (2) D:3 Assign waypoint to what number? (0-9, D - delete waypoint) Waypoint 2 re-assigned from D:3 to D:5.
Found a robe.
A jelly comes into view.
The jelly quivers.
You slash the jelly!
You kill the jelly!
Your Axes skill increases to level 5!
You see here a +0 robe.
Found a stone staircase leading down.
Menkaure, Prince of Dust comes into view.
Menkaure shouts!
Found 6 gold pieces.
Menkaure hits you.
You barely miss Menkaure. Menkaure hits you!!
Ouch! That really hurt!
You hit Menkaure.
Menkaure is moderately damaged.
Menkaure casts a spell.
Menkaure seems to speed up.
You slash Menkaure!
Menkaure is severely damaged.
Menkaure calls on the powers of darkness!
Your body is wracked with pain!
Menkaure hits you but does no damage.
You barely miss Menkaure.
Menkaure is severely damaged.
You block Menkaure's attack.
You barely miss Menkaure.
Menkaure is severely damaged.
Menkaure hits you!
You die...

#.......#####.#
#.#####.#####.########
#.......#..........
#.##.##....[.##.#####.#
# #.......#.##.......#
.....####.##.......#
#.#### #.#####.##># .
##.#####.##$...
#....M@.........
#......#.#####..
#......#...
#....$.##### #......#
#..$...# ##......
#.#.##.


You could see Menkaure (fast).

Vanquished Creatures
  A hound (D:4)
  2 jellies
  3 adders
  4 worms
  3 dart slugs
  3 orcs (D:4)
  2 endoplasms (D:4)
  5 giant cockroaches
  4 goblins
  A hobgoblin (D:4)
  3 jackals (D:3)
  2 quokkas (D:2)
  4 ball pythons
  3 bats (D:1)
  3 frilled lizards
  2 kobolds
  7 rats
52 creatures vanquished.

Notes
Turn   | Place    | Note
-------+----------+-------------------------------------------
     0 | D:1      | qw the Gargoyle Fighter began the quest for the Orb.
     0 | D:1      | Reached XP level 1. HP: 14/14 MP: 1/1
     0 | D:1      | 0 ||| qw: Version: 0.2-a-19-gadd0ef8
     0 | D:1      | 0 ||| qw: Game counter: 4
     0 | D:1      | 0 ||| qw: Always use a shield: true
     0 | D:1      | 0 ||| qw: God list: Okawaru
     0 | D:1      | 0 ||| qw: Allow faded altars: false
     0 | D:1      | 0 ||| qw: Do Orc after D:15 true
     0 | D:1      | 0 ||| qw: Do second Lair branch before Depths: true
     0 | D:1      | 0 ||| qw: Lair rune preference: random
     0 | D:1      | 0 ||| qw: Plans: Normal, Zot:1-4, God:TSO, Crypt, Tomb,
                  | Pan, Slime:5, Hells, Abyss, Orb
     0 | D:1      | 0 ||| PLANNING D:1-11
   235 | D:1      | Reached skill level 2 in Axes
   325 | D:1      | Reached XP level 2. HP: 19/19 MP: 2/2
   670 | D:1      | 670 ||| READING scroll labelled VYACKUU ZOTAORAE.
   671 | D:1      | 671 ||| DRINKING 4 metallic puce potions.
   877 | D:2      | 877 ||| Stepping ~*~*~tactically~*~*~ (stealth).
   977 | D:2      | Reached skill level 3 in Axes
   994 | D:2      | Found a faded altar of an unknown god.
  1011 | D:2      | Reached XP level 3. HP: 23/23 MP: 3/3
  1278 | D:2      | 1278 ||| UPGRADING to +0 chain mail.
  1288 | D:2      | 1288 ||| DROPPING +0 scale mail.
  1289 | D:2      | 1289 ||| UPGRADING to +0 pair of boots.
  1294 | D:2      | 1294 ||| READING scroll labelled NEGUEF OXOPT.
  1295 | D:2      | 1295 ||| DRINKING 2 sedimented golden potions.
  1296 | D:2      | 1296 ||| DRINKING 3 black potions.
  1655 | D:3      | 1655 ||| Stepping ~*~*~tactically~*~*~ (stealth).
  1657 | D:3      | 1657 ||| Stepping ~*~*~tactically~*~*~ (stealth).
  1746 | D:3      | Found a glowing golden altar of the Shining One.
  1751 | D:3      | 1751 ||| DROPPING +0 club.
  1835 | D:3      | 1835 ||| UPGRADING to amulet of reflection.
  1840 | D:3      | 1840 ||| READING 2 scrolls labelled FIJOXOUNGA.
  1843 | D:3      | 1843 ||| READING scroll labelled ANGIFYR ZOIR.
  1844 | D:3      | 1844 ||| DRINKING 2 glowing coppery potions.
  1876 | D:3      | 1876 ||| READING 3 scrolls of identify.
  1876 | D:3      | 1876 ||| IDENTIFYING bubbling orange potion
  1877 | D:3      | 1877 ||| READING 2 scrolls of identify.
  1877 | D:3      | 1877 ||| IDENTIFYING bubbling yellow potion
  1878 | D:3      | 1878 ||| DROPPING potion of brilliance.
  1903 | D:4      | Reached skill level 4 in Axes
  1903 | D:4      | Reached XP level 4. HP: 24/28 MP: 4/4
  1953 | D:4      | Reached XP level 5. HP: 32/32 MP: 5/5
  2001 | D:4      | 2001 ||| Stepping ~*~*~tactically~*~*~ (stealth).
  2107 | D:4      | 2107 ||| DROPPING +0 flail.
  2331 | D:4      | Found an opulent altar of Gozag.
  2381 | D:4      | 2381 ||| READING scroll labelled GUTHACVAULU.
  2382 | D:4      | 2382 ||| READING scroll labelled ZISKOS NORE.
  2383 | D:4      | 2383 ||| READING scroll labelled PUTUNIM BYUMO.
  2384 | D:4      | 2384 ||| READING scroll labelled WUIKA AMIABB.
  2405 | D:4      | 2405 ||| READING 2 scrolls of identify.
  2405 | D:4      | 2405 ||| IDENTIFYING glowing white potion
  2406 | D:4      | 2406 ||| DROPPING potion of ambrosia.
  2415 | D:5      | Entered Level 5 of the Dungeon
  2423 | D:5      | Reached skill level 5 in Axes
  2435 | D:5      | Noticed Menkaure
  2442 | D:5      | Slain by Menkaure

Levels and vault maps discovered:
D:1:      dpeg_arrival_boxes_within_box, layout_loops_cross, kennysheep_boxes
D:2:      layout_basic, chequers_ecumenical_altar_simple
D:3:      layout_basic, mainiacjoe_overflow_six_doors_small
D:4:      layout_cave_pools, grunt_gozag_statues
D:5:      layout_loops_cross, kennysheep_cluttered_room, uniq_menkaure,
          uniq_duvessa

Skill      XL: |  1  2  3  4  5 |
---------------+----------------+-----
Axes           | 2 3 4 5 |  5.1
Fighting       | |  3.2
Armour         | |  3.2
Shields        | |  3.2

Action                   |  1- 3 |  4- 6 || total
-------------------------+-------+-------++-------
Melee: War axe           |    81 |    35 ||   116
Throw: Boomerang         |    44 |    27 ||    71
  Use: Scroll            |     6 |     5 ||    11
       Potion            |     4 |       ||     4
Armor: Scale mail        |    27 |       ||    27
       Chain mail        |    17 |    12 ||    29
Dodge: Dodged            |    21 |     9 ||    30
Block: Buckler           |    12 |    10 ||    22
       Reflection        |       |     1 ||     1

Table legend:
 A = Non-vault XP
 B = Vault XP
 C = Vault XP percentage of total XP
 D = Non-vault monster count
 E = Vault monster count
 F = Vault count percentage of total count
                 A         B        C        D         E       F
            +---------+---------+-------+---------+---------+-------
      Total |     262 |       0 |   0.0 |      52 |       0 |   0.0
            +---------+---------+-------+---------+---------+-------
        D:1 |      17 |       0 |   0.0 |      11 |       0 |   0.0
        D:2 |      36 |       0 |   0.0 |      12 |       0 |   0.0
        D:3 |      24 |       0 |   0.0 |      11 |       0 |   0.0
        D:4 |     145 |       0 |   0.0 |      17 |       0 |   0.0
        D:5 |      40 |       0 |   0.0 |       1 |       0 |   0.0
            +---------+---------+-------+---------+---------+-------
